 Dungeon Crawl Stone Soup version 0.28-a0-1524-ge72afd5fc6 (webtiles) character file.

Game seed: 17075392424037503249

170 HallandMoats the Skirmisher (level 5, -2/46 HPs)
             Began as a Ghoul Fighter on Jan 18, 2022.
             Was a Believer of Cheibriados.
             Slain by a phantom (3 damage)
             ... on level 4 of the Dungeon.
             The game lasted 00:02:11 (2416 turns).

HallandMoats the Skirmisher (Ghoul Fighter)         Turns: 2416, Time: 00:02:11

Health: -2/46      AC:  6    Str: 27    XL:     5   Next: 50%
Magic:  5/5        EV: 10    Int:  8    God:    Cheibriados [**....]
Gold:   58         SH:  4    Dex: 13    Spells: 4/4 levels left

rFire   . . .      SeeInvis .   a - +0 trident
rCold   + . .      Faith    .   c - +0 buckler
rNeg    + + +      Spirit   .   b - +0 scale mail
rPois   ∞          Reflect  .   (no helmet)
rElec   .          Harm     .   (no cloak)
rCorr   .          Rampage  .   (no gloves)
Will    .....                   (no boots)
Stlth   ..........              (no amulet)
HPRegen 0.00/turn               (no ring)
MPRegen 0.09/turn               (no ring)

@: mighty, inhibited regen, very slow
A: claws 1, cold resistance 1, negative energy resistance 3, inhibited
regeneration, torment resistance 2
a: Renounce Religion, Bend Time


You were on level 4 of the Dungeon.
You worshipped Cheibriados.
Cheibriados was pleased with you.
You visited 1 branch of the dungeon, and saw 6 of its levels.

You collected 58 gold pieces.

Inventory:

Hand Weapons
 a - a +0 trident (weapon)
Armour
 b - a +0 scale mail (worn)
 c - a +0 buckler (worn)
Jewellery
 m - an amulet of faith
 n - a ring of see invisible
Scrolls
 f - a scroll of magic mapping {unknown}
 g - a scroll of amnesia {unknown}
 i - 2 scrolls of teleportation {unknown}
 j - a scroll of noise {unknown}
 k - 2 scrolls of identify {unknown}
Potions
 h - a potion of curing {unknown}
 l - a potion of brilliance {unknown}


   Skills:
 * Level 4.2 Fighting
 * Level 2.7 Polearms
 + Level 3.1 Armour
 + Level 1.3 Dodging
 + Level 3.1 Shields
 * Level 2.3 Invocations


You had 4 spell levels left.
You didn't know any spells.
Your spell library contained the following spells:

 Spells                   Type           Power      Damage    Failure   Level
 Magic Dart               Conj           0%         1d3       77%         1
 Searing Ray              Conj           0%         2d4       88%         2
 Fulminant Prism          Conj/Hex       0%         3d6       100%        4


Dungeon Overview and Level Annotations

Branches:
Dungeon (6/15)
 Temple: D:4-7

Altars:
Cheibriados
Kikubaaqudgha
Yredelemnul

Annotations:
D:3 2 transporters, Menkaure


Innate Abilities, Weirdness & Mutations

You thrive by killing the living.
You are immune to poison.
You have sharp fingernails.
Your flesh is cold resistant. (rC+)
You are immune to negative energy. (rN+++)
You do not regenerate when monsters are visible.
You are immune to unholy pain and torment.


Message History

As you read the scroll labelled WENGEO HIAKK, it crumbles to dust.
You feel a surge of unholy energy.
The hound convulses!
The adder convulses!
The giant cockroach convulses!
It was a scroll of torment.
The hound misses you.
The phantom hits you but does no damage.
As you read the scroll of torment, it crumbles to dust.
You feel a surge of unholy energy.
The hound convulses!
The adder convulses!
The giant cockroach convulses!
The jackal convulses!
The hound misses you.
The phantom hits you but does no damage.
The hound bites you but does no damage.
Okay, then.
You feel very mighty all of a sudden. The hound bites you.
* * * LOW HITPOINT WARNING * * *
You block the phantom's attack. The giant cockroach barely misses you.
You block the hound's attack. The giant cockroach closely misses you.
The kobold barely misses you. The phantom hits you.
* * * LOW HITPOINT WARNING * * *
The phantom blinks!
You blink.
A ball python comes into view.
The ball python hisses angrily.
The phantom hits you!
* * * LOW HITPOINT WARNING * * *
The phantom blinks!
You blink.
A kobold and 3 jackals come into view.
The kobold is wielding a +0 whip and quivering poisoned darts.
The jackal barks!
The kobold throws a poisoned dart.
The poisoned dart hits you! You block the phantom's attack.
The kobold throws a poisoned dart.
You block the poisoned dart.
The phantom hits you but does no damage.
The jackal barks!
You hear a bark!
The jackal barks!
The jackal bites you but does no damage.
The phantom hits you.
* * * LOW HITPOINT WARNING * * *
The phantom blinks!
You blink.
The phantom barely misses you.
The kobold throws a poisoned dart.
You block the poisoned dart. The phantom hits you.
You die...

.......###K:.....#
.......[..#SK.S.....#
....$.....#K##......#
.....$h....##........
###....$..###....###..
.......hh.# ....# .
#....h..# ....#
##.......###....#
#....W@.......
#.##.#..####..
...#...# ..#....#....
## #.#######.# #. # ..
.#


You could see a phantom, an adder, 4 jackals and 2 kobolds.

Vanquished Creatures
  A scorpion (D:5)
  6 adders (D:2)
  A worm (D:2)
  A dart slug (D:2)
  An orc (D:3)
  5 ball pythons
  8 endoplasms
  5 giant cockroaches
  3 goblins
  7 hobgoblins
  5 kobolds
  2 quokkas
  A bat (D:3)
  2 frilled lizards
  3 rats
51 creatures vanquished.

Notes
Turn   | Place    | Note
-------+----------+-------------------------------------------
     0 | D:1      | HallandMoats the Ghoul Fighter began the quest for the Orb.
     0 | D:1      | Reached XP level 1. HP: 19/19 MP: 0/0
    67 | D:1      | Found a faded altar of an unknown god.
   143 | D:1      | Prayed at the altar of an unknown god.
   143 | D:1      | Became a worshipper of Cheibriados the Contemplative
   143 | D:1      | Reached * piety under Cheibriados
   209 | D:1      | Reached XP level 2. HP: 25/26 MP: 1/1
   912 | D:2      | Reached XP level 3. HP: 33/33 MP: 2/2
   914 | D:2      | Reached skill level 1 in Invocations
  1288 | D:2      | Reached skill level 1 in Dodging
  1288 | D:2      | Reached XP level 4. HP: 36/40 MP: 2/4
  1410 | D:2      | Reached ** piety under Cheibriados
  1517 | D:2      | Reached skill level 4 in Fighting
  2073 | D:3      | Found a basalt altar of Yredelemnul.
  2123 | D:3      | Noticed Menkaure
  2132 | D:3      | Found an ancient bone altar of Kikubaaqudgha.
  2162 | D:3      | Found a transporter.
  2164 | D:3      | Found a transporter.
  2174 | D:3      | Noticed a phantom
  2376 | D:3      | You fall into a shaft and drop 3 floors!
  2382 | D:5      | Entered Level 5 of the Dungeon
  2384 | D:5      | Noticed a scorpion
  2394 | D:5      | Killed a scorpion
  2395 | D:5      | Reached XP level 5. HP: 28/46 MP: 5/5
  2396 | D:4      | Noticed a phantom
  2414 | D:4      | HP: 1/46 [phantom (2)]
  2416 | D:4      | Slain by a phantom

Illustrated notes

Levels and vault maps discovered:
D:1:      minmay_arrival_semitransparent, layout_basic,
          dreamdust_ecumenical_altar_grove, nrook_mini_vaults
D:2:      layout_basic
D:3:      layout_basic, gammafunk_temple_of_torment
D:4:      layout_rooms
D:5:      layout_rooms, grunt_dithmenos_shadows
D:6:      layout_basic, minmay_temple_entry_poolview

Skill      XL: |  1  2  3  4 |
---------------+-------------+-----
Polearms       | 2 |  2.7
Invocations    | 1 2 |  2.3
Dodging        | 1 |  1.3
Shields        | 3 |  3.1
Fighting       | 4 |  4.2
Armour         | 3 |  3.1

Action                   |  1- 3 |  4- 6 || total
-------------------------+-------+-------++-------
Melee: Trident           |    76 |    95 ||   171
  Use: Scroll            |       |     2 ||     2
       Potion            |       |     1 ||     1
Armor: Scale mail        |    22 |    53 ||    75
Dodge: Dodged            |    20 |    66 ||    86
Block: Buckler           |     7 |    31 ||    38

Table legend: (Time is in decaauts)
 A = Elapsed time spent in this place.
 B = Non-inter-level travel time spent in this place.
 C = Inter-level travel time spent in this place.
 D = Time resting spent in this place.
 E = Time spent auto-exploring this place.
 F = Levels seen in this place.
 G = Mean time per level.
                   A        B        C        D        E       F      G
               +--------+--------+--------+--------+--------+-----+--------+
         Total |   3136 |   3056 |     80 |    275 |   2306 |   6 |  522.7 |
       Dungeon |   3136 |   3056 |     80 |    275 |   2306 |   6 |  522.7 |
               +--------+--------+--------+--------+--------+-----+--------+

Top non-repeatable levels by time:
     D:2: 1339 daAuts
     D:1: 1190 daAuts
     D:3: 552 daAuts
     D:4: 27 daAuts
     D:5: 17 daAuts
     D:6: 8 daAuts
